AoeStats
← Ux'RaúlME

Arabia

509447739Analyzed
1v1 RM · 6d ago on Sep 26, 2026· 38m 22s· 2 players
Game mode
Random Map
Map size
Tiny (2 player)
Population
200
Speed
Normal
Resources
Standard
Victory
Conquest
Starting age
Dark Age
Ending age
Imperial Age
RankedLock teamsTeams togetherTeam positionsShared explorationLock speedFull tech treeHidden civsTurbo modeCheats
Victory
Defeat
🇸🇰 Malians · Slovakia
1402
+15
🇲🇽 Aztecs · Mexico
1373
-15
Ux'RaúlME
7:06 Loom
9:47 Feudal Age
10:13 Double-Bit Axe
18:53 Castle Age
17:31 Fletching
17:42 Padded Archer Armor
18:41 Gold Mining
18:42 Stone Mining
21:06 Bow Saw
23:29 Town Watch
24:44 Wheelbarrow
24:56 Bodkin Arrow
27:33 Guard Tower
36:49 Imperial Age
35:00 Squires
35:01 Scale Mail Armor
35:22 Forging
34:54 Eagle Warrior
36:39 Chain Mail Armor
38:31 Plate Mail Armor
38:52 Plate Mail Armor
38:57 Iron Casting
AngryTomato
6:43 Loom
9:15 Feudal Age
9:26 Man-at-Arms
11:04 Double-Bit Axe
15:28 Fletching
20:57 Castle Age
19:50 Horse Collar
21:48 Bow Saw
21:00 Crossbowman
22:00 Bodkin Arrow
23:04 Padded Archer Armor
33:23 Imperial Age
31:47 Wheelbarrow
31:37 Ballistics
33:34 Leather Archer Armor
35:10 Chemistry
33:46 Cavalier
35:28 Bloodlines
35:59 Scale Barding Armor
37:38 Husbandry
Connection lost

Rejoining the realm…

Still unreachable

The connection could not be restored.

Session expired

The server has moved on; the page needs a fresh start.